 Dungeon Crawl Stone Soup version 0.25.0-46-gbd7b0854d2 (webtiles) character file.

Game seed: 16699448236640491209

724 Ethylacetat the Gusty (level 7, 0/41 HPs)
             Began as an Octopode Air Elementalist on July 15, 2020.
             Slain by a giant cockroach (2 damage)
             ... on level 5 of the Dungeon.
             The game lasted 00:12:24 (5865 turns).

Ethylacetat the Gusty (Octopode Air Elementalist)   Turns: 5865, Time: 00:12:24

Health: 0/41       AC: -3    Str:  7    XL:     7   Next: 71%
Magic:  8/12       EV: 13    Int: 19    God:
Gold:   322        SH:  0    Dex: 13    Spells: 8/13 levels left

rFire    . . .     SeeInvis .   p - +2 mace (holy)
rCold    . . .     Gourm    .   (no shield)
rNeg     . . .     Faith    .   (helmet restricted)
rPois    .         Spirit   .   (no amulet)
rElec    .         Reflect  .   h - ring of attention (curse)
rCorr    .         Harm     .   o - +4 ring of slaying
MR       .....                  (no ring)
Stlth    +.........             (no ring)
HPRegen  0.13/turn              (no ring)
MPRegen  0.13/turn              (no ring)
                                (no ring)
                                (no ring)

@: corroded, glowing
A: almost no armour, stealthy swim, amphibious, 8 rings, constrict 8, camouflage
1, gelatinous body 1
a: no special abilities


You were on level 5 of the Dungeon.
You were not hungry.

You visited 1 branch of the dungeon, and saw 5 of its levels.

You collected 322 gold pieces.

Inventory:

Hand Weapons
 p - a +2 mace of holy wrath (weapon)
Missiles
 l - a throwing net (quivered)
Jewellery
 h - a cursed ring of attention (left tentacle)
 o - a +4 ring of slaying (right tentacle)
Scrolls
 a - 2 scrolls of teleportation {unknown}
 d - a scroll of enchant armour {unknown}
 e - 3 scrolls of amnesia {unknown}
 i - 2 scrolls of random uselessness {unknown}
 j - a scroll of blinking {unknown}
 k - 9 scrolls of identify {unknown}
 m - 4 scrolls of remove curse {unknown}
 n - a scroll of magic mapping {unknown}
 q - a scroll of noise {unknown}
 r - a scroll of fear {unknown}
 v - a scroll of fog {unknown}
Potions
 c - a potion of curing {unknown}
 f - a potion of heal wounds {unknown}
 g - a potion of stabbing {unknown}
 s - 3 potions of flight {unknown}
 t - a potion of degeneration {unknown}
Comestibles
 b - 8 rations
 u - 2 chunks of flesh


   Skills:
 - Level 2.0 Dodging
 - Level 2.6 Stealth
 + Level 3.8 Spellcasting
 * Level 5.2 Conjurations
 * Level 6.0 Air Magic


You had 8 spell levels left.
You knew the following spells:

 Your Spells              Type           Power        Failure   Level  Hunger
a - Shock                 Conj/Air       ####         1%          1    None
b - Airstrike             Air            ####......   12%         4    ####...

Your spell library contained the following spells:

 Spells                   Type           Power        Failure   Level  Hunger
 Static Discharge         Conj/Air       ####....     4%          3    ###....
 Swiftness                Chrm/Air       ###.....     6%          2    ##.....
 Lightning Bolt           Conj/Air       ####......   36%         5    ######.


Dungeon Overview and Level Annotations

Branches:
Dungeon (5/15)
 Temple: D:4-7

Altars:
Okawaru
Zin

Shops:
D:4 }   D:5 *

Annotations:
D:5 Dowan, Duvessa


Innate Abilities, Weirdness & Mutations

You cannot wear most types of armour.
You are very stealthy in the water. (Stealth+)
You are amphibious.
You can wear up to eight rings at the same time.
You can use your tentacles to constrict eight enemies at once.
Your skin changes colour to match your surroundings (Stealth+).
Your rubbery body absorbs attacks. (AC +1, EV +1)


Message History

Casting: Shock (safe; 1% risk of failure)
Confirm with . or Enter, or press ? or * to list all spells.
Aiming: Shock (safe; 1% risk of failure)
Press: ? - help, Shift-Dir - straight line The zap hits the jelly.
You kill the jelly!
Your Air Magic skill increases to level 6!
The zap hits Duvessa!
Duvessa is moderately wounded.
The giant cockroach bites you. Duvessa barely misses you.
Casting: Shock (safe; 1% risk of failure)
Confirm with . or Enter, or press ? or * to list all spells.
Aiming: Shock (safe; 1% risk of failure)
Press: ? - help, Shift-Dir - straight line The zap hits Duvessa.
Duvessa is moderately wounded.
The zap misses Duvessa.
Duvessa hits you with a +0 short sword!
* * * LOW HITPOINT WARNING * * *
The giant cockroach bites you.
You die...

###### ..#<# #.#.#
###.#.# #.....#
#.....# . #####
#.....######.
#..@####.÷..........
#..se.e.............
#...######.#........
#.>.+......÷........
#...########.#......
#.... #.#.##...
##... #.#.##.J. #...
#.#<###.≈ ### #.###
..


You could see Duvessa (fast), Dowan (fast) and a giant cockroach.

Vanquished Creatures
  A phantom (D:4)
  The ghost of TheAraber the Conjurer, an amateur OpWz (D:3)
  A scorpion (D:4)
  An orc wizard (D:3)
  A jelly (D:5)
  A bullfrog skeleton (D:4)
  3 orc priests (D:3)
  Jessica (D:2)
  2 worker ants (D:4)
  Robin (D:3)
  11 gnolls
  3 adders
  2 howler monkey skeletons (D:4)
  An ooze (D:2)
  An adder skeleton (D:2)
  2 worms (D:4)
  5 dart slugs
  6 orcs (D:3)
  3 giant cockroaches
  15 goblins
  11 hobgoblins
  3 jackals (D:5)
  4 quokkas
  4 bats
  4 frilled lizards
  4 kobolds
  3 leopard gecko skeletons
  6 rats
101 creatures vanquished.

Notes
Turn   | Place    | Note
-------+----------+-------------------------------------------
     0 | D:1      | Ethylacetat the Octopode Air Elementalist began the quest
                  | for the Orb.
     0 | D:1      | Reached XP level 1. HP: 11/11 MP: 3/3
   450 | D:1      | Reached XP level 2. HP: 17/17 MP: 3/5
  1449 | D:2      | Reached XP level 3. HP: 13/21 MP: 3/6
  2084 | D:2      | Reached XP level 4. HP: 27/27 MP: 2/7
  2334 | D:2      | Reached skill level 4 in Air Magic
  2500 | D:2      | Noticed Jessica
  2505 | D:2      | Killed Jessica
  2532 | D:2      | HP: 1/27 [gnoll/+0 spear (5)]
  2533 | D:2      | Reached XP level 5. HP: 1/31 MP: 0/9
  3396 | D:3      | Noticed Robin
  3417 | D:3      | Killed Robin
  3570 | D:3      | Found a runed translucent door.
  3570 | D:3      | Noticed TheAraber's ghost (amateur OpWz)
  3605 | D:3      | Reached XP level 6. HP: 25/36 MP: 10/10
  3823 | D:3      | Found a glowing silver altar of Zin.
  3930 | D:3      | Reached skill level 5 in Air Magic
  4415 | D:3      | Killed TheAraber's ghost
  4554 | D:4      | Reached XP level 7. HP: 41/41 MP: 8/12
  5053 | D:4      | Found an iron altar of Okawaru.
  5130 | D:4      | Learned a level 4 spell: Airstrike
  5265 | D:4      | Reached skill level 5 in Conjurations
  5490 | D:4      | Found Ymadem's Gadget Boutique.
  5730 | D:5      | Entered Level 5 of the Dungeon
  5835 | D:5      | Found Nyottupe's Elemental Accessories.
  5838 | D:5      | Noticed Dowan
  5841 | D:5      | Noticed Duvessa
  5864 | D:5      | Reached skill level 6 in Air Magic
  5865 | D:5      | HP: 2/41 [Duvessa/+0 short sword (11)]
  5865 | D:5      | Slain by a giant cockroach

Illustrated notes

Levels and vault maps discovered:
D:1:      psy_arrival_fountain, layout_loops_cross
D:2:      layout_loops_corners, minmay_tromino_v7, uniq_jessica
D:3:      layout_basic, lemuel_crystal_altar, gammafunk_ghost_grave, uniq_robin
D:4:      layout_loops_corners, okawaru_trees_1, first_ration, serial_shops,
          nicolae_shop_crystal
D:5:      layout_basic, nicolae_elemental_shop, minmay_shop_enchanted_jewellery,
          uniq_ijyb, uniq_duvessa

Skill      XL: |  1  2  3  4  5  6  7 |
---------------+----------------------+-----
Conjurations   | 2 3 4 5 |  5.2
Air Magic      | 4 5 6 |  6.0
Spellcasting   | 3 |  3.8
Dodging        | |  2.0
Stealth        | |  2.6

Action                   |  1- 3 |  4- 6 |  7- 9 || total
-------------------------+-------+-------+-------++-------
Melee: Unarmed           |    54 |    13 |       ||    67
       Tentacles         |    12 |     5 |     5 ||    22
       Constrict         |    16 |     7 |     7 ||    30
       Mace              |       |    17 |    25 ||    42
 Cast: Shock             |    35 |    81 |    23 ||   139
 Stab: Sleeping          |     5 |     2 |     1 ||     8
  Eat: Chunk             |     3 |     8 |     5 ||    16
Armor: Skin              |     9 |     8 |       ||    17
Dodge: Dodged            |    37 |    46 |    26 ||   109
